 Dungeon Crawl Stone Soup version 0.24.1-8-ga250c9d538 (webtiles) character file.

Game seed: 2768038435545914528, levelgen mode: deterministic

2078 Hugehornet the Transmogrifier (level 9, -6/53 HPs)
             Began as an Octopode Transmuter on May 3, 2020.
             Was a Follower of Cheibriados.
             Killed by divine providence
             ... invoked by an orc priest
              (13 damage)
             ... on level 7 of the Dungeon.
             The game lasted 00:24:07 (10663 turns).

Hugehornet the Transmogrifier (OpTm)               Turns: 10663, Time: 00:24:08

Health: -6/53      AC:  2    Str: 11 (12) XL:     9   Next: 26%
Magic:  13/15      EV: 19    Int: 19 (20) God:    Cheibriados [*.....]
Gold:   250        SH:  0    Dex: 17 (19) Spells: 1/16 levels left

rFire    . . .     SeeInvis .     - Unarmed
rCold    . . .     Gourm    .   (shield currently unavailable)
rNeg     . . .     Faith    .   (helmet currently unavailable)
rPois    x         Spirit   .   (no amulet)
rElec    .         Reflect  .   (no ring)
rCorr    .         Harm     .   (no ring)
MR       .....                  (no ring)
Stlth    ++........             (no ring)
HPRegen  0.17/turn              (no ring)
MPRegen  0.14/turn              (no ring)
                                (no ring)
                                (no ring)

@: spider-form (expiring), very slow
A: tiny, almost no armour, stealthy swim, (amphibious), 8 rings, (constrict 8)
a: End Transformation, Bend Time, Renounce Religion


You were on level 7 of the Dungeon.
You worshipped Cheibriados.
Cheibriados was aware of your devotion.
You were near starving.
You were a venomous arachnid creature.
You visited 2 branches of the dungeon, and saw 8 of its levels.
You also visited: Sewer.

You collected 347 gold pieces.
You spent 97 gold pieces at shops.

Inventory:

Missiles
 a - 18 arrows
Wands
 s - a wand of flame (21)
Scrolls
 g - a scroll of amnesia {unknown}
 h - 2 scrolls of enchant armour
 j - a scroll of fear {unknown}
 l - 7 scrolls of teleportation
 m - a scroll of remove curse
 n - a scroll of noise {unknown}
 p - a scroll of identify
 r - 2 scrolls of enchant weapon
 t - a scroll of magic mapping {unknown}
 v - 2 scrolls of blinking
Potions
 b - a potion of might
 e - a potion of degeneration
 f - a potion of flight
 i - a potion of resistance
 u - a potion of mutation {unknown}
 w - a potion of cancellation {unknown}
Comestibles
 c - 8 rations


   Skills:
 - Level 1.0 Fighting
 - Level 2.0 Dodging
 - Level 5.4 Unarmed Combat
 - Level 4.0 Spellcasting
 * Level 9.4 Transmutations
 - Level 4.0 Ice Magic
 - Level 2.0 Poison Magic


You had one spell level left.
You knew the following spells:

 Your Spells              Type           Power        Failure   Level  Hunger
a - Beastly Appendage     Tmut           #####.       2%          1    None
b - Sticks to Snakes      Tmut           #####...     3%          2    ##.....
c - Spider Form           Tmut/Pois      ####......   13%         3    ###....
d - Ice Form              Ice/Tmut       ####....     22%         4    ####...
e - Blade Hands           Tmut           #####.....   22%         5    ######.

Your spell library contained the following spells:

 Spells                   Type           Power        Failure   Level  Hunger
 Summon Small Mammal      Summ           #...         32%         1    None
 Call Imp                 Summ           #.......     41%         2    ##.....
 Call Canine Familiar     Summ           #.......     61%         3    ###....
 Summon Guardian Golem    Hex/Summ       #.......     61%         3    ###....
 Summon Ice Beast         Ice/Summ       ##......     73%         4    ####...
 Summon Lightning Spire   Summ/Air       #.......     92%         4    ####...


Dungeon Overview and Level Annotations

Branches:
Dungeon (7/15)             Temple (1/1) D:6           Sewer (visited)

Altars:
Ashenzari
Cheibriados
Dithmenos
Elyvilon
Fedhas
Gozag
Hepliaklqana
Kikubaaqudgha
Makhleb
Nemelex Xobeh
Okawaru
Qazlal
Ru
Sif Muna
Trog
Uskayaw
Vehumet
Wu Jian
Xom
Yredelemnul
Zin
The Shining One

Shops:
D:4 :   D:5 :(:=


Innate Abilities, Weirdness & Mutations

You cannot wear most types of armour.
You are very stealthy in the water. (Stealth+)
((You are amphibious.))
You can wear up to eight rings at the same time.
((You can use your tentacles to constrict eight enemies at once.))
((Your skin changes colour to match your surroundings (Stealth+).))
((Your rubbery body absorbs attacks. (AC +1, EV +1)))


Message History

The orc priest invokes the aid of Beogh against you.
Beogh smites you!
The orc warrior throws a boomerang.
The boomerang hits you!!
* * * LOW HITPOINT WARNING * * *
The weapon returns to the orc warrior!
The orc warrior throws a boomerang.
The boomerang misses you.
The weapon returns to the orc warrior!
Your transformation is almost over.
The orc priest looks braver for a moment.
The orc warrior throws a boomerang.
The boomerang completely misses you.
The orc warrior throws a boomerang.
The boomerang completely misses you.
The weapon returns to the orc warrior!
A quokka comes into view.
The orc warrior throws a boomerang.
The boomerang hits you.
* * * LOW HITPOINT WARNING * * *
The weapon returns to the orc warrior!
The orc warrior throws a boomerang.
The boomerang barely misses you.
The weapon returns to the orc warrior!
The orc priest mumbles some strange prayers to Beogh against you.
Beogh smites you!
You die...

#............ #....$#######
#.....# #.....#
#.....#############
########.....#...........#
.............#....##.#.#.##
........######.r..#≈≈≈≈)))≈
..........s.oo....+≈###....
.........#####....#≈# #####
####+###<# #....#≈##
#######....#≈.#
#....)<)...#≈.#
#.#####.....).# # ####..≈.#
....#≈.# #####.≈.#


You could see an orc warrior, an orc priest and a quokka (wandering).

Vanquished Creatures
  Prince Ribbit (D:5)
  Duvessa (D:6)
  An ice beast (D:5)
  3 orc warriors (D:6)
  A phantom (D:5)
  An ogre (D:6)
  A centaur (D:6)
  Blork the orc (D:6)
  Dowan (D:6)
  2 scorpions (D:5)
  2 howler monkeys
  A crimson imp (D:7)
  A centaur zombie (D:6)
  A bullfrog zombie (D:7)
  A hound (D:5)
  6 orc priests
  A jelly (D:6)
  A bullfrog skeleton (D:6)
  Ijyb (D:4)
  An orc wizard (D:7)
  5 worker ants
  16 adders
  A shadow imp (D:6)
  6 oozes
  8 worms
  3 dart slugs
  9 leopard geckos
  20 orcs
  8 giant cockroaches
  10 goblins
  2 hobgoblins
  14 jackals
  A quokka (D:5)
  6 ball pythons
  16 bats
  6 frilled lizards
  A jackal skeleton (D:7)
  5 kobolds
  7 rats
173 creatures vanquished.

Vanquished Creatures (collateral kills)
  A gnoll (D:7)
  A goblin (D:7)
2 creatures vanquished.

Grand Total: 175 creatures vanquished

Notes
Turn   | Place    | Note
-------+----------+-------------------------------------------
     0 | D:1      | Hugehornet the Octopode Transmuter began the quest for the
                  | Orb.
     0 | D:1      | Reached XP level 1. HP: 13/13 MP: 3/3
   637 | D:2      | Reached skill level 3 in Transmutations
   637 | D:2      | Reached XP level 2. HP: 11/18 MP: 3/5
   813 | D:2      | Learned a level 2 spell: Sticks to Snakes
   980 | D:2      | Reached XP level 3. HP: 23/23 MP: 4/6
  1389 | D:2      | Reached skill level 4 in Transmutations
  1547 | D:2      | Reached XP level 4. HP: 19/28 MP: 7/7
  1849 | D:2      | Learned a level 3 spell: Spider Form
  1992 | D:2      | Found a blossoming altar of Fedhas.
  2480 | D:3      | Found a sparkling altar of Nemelex Xobeh.
  2488 | D:3      | Reached skill level 1 in Poison Magic
  2488 | D:3      | Reached XP level 5. HP: 13/33 MP: 4/8
  2610 | D:3      | Found a glowing drain.
  2768 | Sewer    | Entered a sewer
  2775 | Sewer    | Reached skill level 5 in Transmutations
  2777 | Sewer    | HP: 2/49 [leopard gecko (1)]
  3395 | Sewer    | Reached XP level 6. HP: 25/38 MP: 6/9
  4797 | D:3      | You fall into a shaft and drop 1 floor!
  5233 | D:3      | Reached skill level 5 in Unarmed Combat
  5906 | D:4      | Noticed Ijyb
  5921 | D:4      | Killed Ijyb
  5921 | D:4      | Reached XP level 7. HP: 34/43 MP: 7/10
  6101 | D:4      | Found Zalywet's Book Shop.
  6195 | D:5      | Entered Level 5 of the Dungeon
  6211 | D:5      | Found Numunenotel's Jewellery Shop.
  6219 | D:5      | Bought a cursed ring of attention for 67 gold pieces
  6219 | D:5      | Bought a cursed amulet of inaccuracy for 30 gold pieces
  6784 | D:5      | Found a hazy altar of Hepliaklqana.
  6813 | D:5      | Noticed Prince Ribbit
  6826 | D:5      | Killed Prince Ribbit
  6826 | D:5      | Reached skill level 6 in Transmutations
  7043 | D:5      | Found Nigas's Book Emporium.
  7065 | D:5      | Found Lompud's Antique Weapon Shoppe.
  7080 | D:5      | Found Qitagosk's Book Shoppe.
  7461 | D:5      | Reached XP level 8. HP: 43/48 MP: 9/13
  7972 | D:4      | Learned a level 4 spell: Ice Form
  8135 | D:5      | Reached skill level 7 in Transmutations
  8771 | D:6      | Noticed Blork the orc
  8781 | D:6      | Killed Blork the orc
  8781 | D:6      | Reached skill level 1 in Ice Magic
  8815 | D:6      | Learned a level 5 spell: Blade Hands
  8890 | D:6      | Reached skill level 8 in Transmutations
  9035 | D:6      | Noticed Duvessa
  9051 | D:6      | Killed Duvessa
  9053 | D:6      | Noticed Dowan
  9064 | D:6      | Killed Dowan
  9064 | D:6      | Reached XP level 9. HP: 19/53 MP: 13/15
  9426 | D:6      | Reached skill level 9 in Transmutations
  9431 | D:6      | HP: 2/53 [orc/+0 hand axe (8)]
  9893 | D:6      | Found a staircase to the Ecumenical Temple.
  9921 | Temple   | Entered the Ecumenical Temple
  9940 | Temple   | Became a worshipper of Cheibriados the Contemplative
 10350 | D:7      | Reached * piety under Cheibriados
 10663 | D:7      | Killed from afar by an orc priest

Levels and vault maps discovered:
D:1:      minmay_arrival_four_houses, layout_basic
D:2:      minmay_inner_zag, layout_basic, palyth_stone_intersect, fedhas_altar_4
D:3:      layout_basic, gup_sewer_entry_glass, nemelex_diamond_rough_becter
D:4:      layout_loops_ring, serial_shops, shop_statue, uniq_ijyb
D:5:      minmay_octagon_keep, layout_basic, lemuel_crystal_altar, first_ration,
          serial_shops, shop, nicolae_shop_trees, nicolae_shop_trees,
          nicolae_shop_statue_plus, serial_glass, glass_columns_a,
          glass_columns_c, uniq_prince_ribbit1
D:6:      layout_rooms, minmay_temple_entry_waves, uniq_blork_the_orc,
          uniq_duvessa
D:7:      layout_basic, lightli_bailey_entry_fortress
Temple:   grunt_wide_crystal_templ

Skill      XL: |  1  2  3  4  5  6  7  8  9 |
---------------+----------------------------+-----
Transmutations | 3 4 5 6 8 9 |  9.4
Poison Magic   | 1 2 |  2.0
Unarmed Combat | 4 5 |  5.4
Spellcasting   | 3 4 |  4.0
Ice Magic      | 3 4 |  4.0
Fighting       | |  1.0
Dodging        | |  2.0

Action                   |  1- 3 |  4- 6 |  7- 9 || total
-------------------------+-------+-------+-------++-------
Melee: Unarmed           |    60 |   252 |   205 ||   517
       Constrict         |    17 |    39 |    12 ||    68
       Tentacles         |     8 |    22 |    12 ||    42
       Kick              |    11 |    27 |    15 ||    53
       Punch             |       |     2 |     3 ||     5
 Cast: Beastly Appendage |    20 |    36 |    13 ||    69
       Spider Form       |       |    10 |    17 ||    27
       Blade Hands       |       |       |     3 ||     3
       Sticks to Snakes  |       |       |     2 ||     2
  Use: Scroll            |       |     9 |     2 ||    11
       Potion            |       |     1 |    10 ||    11
 Stab: Sleeping          |     2 |     5 |     1 ||     8
       Invisible         |       |       |     5 ||     5
       Distracted        |       |       |     1 ||     1
  Eat: Chunk             |     2 |    12 |     7 ||    21
       Ration            |       |     1 |     3 ||     4
Armor: Skin              |     5 |    44 |     7 ||    56
Dodge: Dodged            |    39 |   229 |   151 ||   419
